cohdb
Replays
Latest Replays
All Replays
Popular Replays
Top Player Replays
Match Explorer
How It Works
Community
CoH3 Stats
Reddit
Sign in to upload your games and track your stats! →
Sign in with Steam
Match 43784198
Unlisted
Match 43784198
Overview
Messages
Build Orders
End
Scout Squad
Construct Barracks
Riflemen Squad
Selects Special Operations Battlegroup
Riflemen Squad
Construct Weapon Support Center
M1919 Machine Gun Team
Selects M29 Weasel with M1 Pack Howitzer
Infantry Support Center
M29 Weasel with M1 Pack Howitzer
Construct Motor Pool
M1918 Browning Automatic Rifles
Sniper
Grenade Package
Selects Raiding Flares
Raiding Flares
Selects SSF Commando Squad
SSF Commando Squad
M8 Greyhound Armored Car
Selects Assault Operation
Riflemen Squad
Survival Training
M1 Anti-tank Gun Team
Construct Medical Station
PaPaCrazy
Giltine
InTheBliTz
admiral_gnar
jawdar.al.maghreb
PamarkCOH3
E<F
Blindeye
0
0
Comments
sign in to comment!
No comments posted yet!